 Dungeon Crawl Stone Soup version 0.24-a0-355-gbe4061de67 (webtiles) character file.

Game seed: 13661179604967336752

171 Gumption the Shooter (level 5, 0/45 HPs)
             Began as a Centaur Hunter on May 24, 2019.
             Succumbed to an adder's poison
             ... on level 2 of the Dungeon.
             The game lasted 00:21:10 (3789 turns).

Gumption the Shooter (Centaur Hunter)               Turns: 3789, Time: 00:21:10

Health: 0/45       AC:  4    Str: 16    XL:     5   Next: 26%
Magic:  5/5        EV: 24    Int: 10    God:
Gold:   105        SH:  0    Dex:  9    Spells: 4/4 levels left

rFire    . . .     SeeInvis .   b - +0 short sword
rCold    . . .     Gourm    .   (no shield)
rNeg     . . .     Faith    .   c - +0 leather armour
rPois    .         Spirit   .   (no helmet)
rElec    .         Reflect  .   (no cloak)
rCorr    .         Harm     .   (no gloves)
MR       .....                  (no barding)
Stlth    +.........             n - amulet of the acrobat
HPRegen  0.15/turn              (no ring)
MPRegen  0.09/turn              (no ring)

@: lethally poisoned (0 -> -3), acrobat, very quick
A: large, hooves 3, deformed body, speed 2, tough skin 3
a: no special abilities


You were on level 2 of the Dungeon.
You were not hungry.

You visited 1 branch of the dungeon, and saw 3 of its levels.

You collected 105 gold pieces.

Inventory:

Hand Weapons
 a - a +1 shortbow
 b - a +0 short sword (weapon)
 h - a +3 whip
 v - a +0 hunting sling
Missiles
 f - 6 poisoned darts (quivered)
 k - 55 stones
Armour
 c - a +0 leather armour (worn)
Jewellery
 n - an amulet of the acrobat (around neck)
Scrolls
 l - a scroll of remove curse
 m - a scroll of teleportation {unknown}
 r - a scroll of immolation
 s - 2 scrolls of fear
Potions
 j - a potion of flight
 o - a potion of curing
 p - a potion of haste
 q - a potion of degeneration
 t - a potion of brilliance
Comestibles
 e - 3 rations


   Skills:
 + Level 3.5 Fighting
 * Level 7.8 Bows
 - Level 1.3 Dodging
 - Level 0.4 Stealth


You had 4 spell levels left.
You didn't know any spells.
Your spell library was empty.

Dungeon Overview and Level Annotations

Branches:
Dungeon (3/15)

Altars:
Trog
Uskayaw


Innate Abilities, Weirdness & Mutations

You have hooves in place of feet.
Armour fits poorly on your strangely shaped body.
You cover ground very quickly.
You have extremely tough skin. (AC +3)


Message History

* * * LOW HITPOINT WARNING * * *
The hobgoblin hits you with a +0 club.
* * * LOW HITPOINT WARNING * * *
The rat misses you. The adder bites you but does no damage.
You barely miss the adder.
The adder is severely wounded.
The hobgoblin hits you with a +0 club.
* * * LOW HITPOINT WARNING * * *
The adder bites you.
* * * LOW HITPOINT WARNING * * *
The rat bites you but does no damage.
You hit the adder.
You kill the adder!
* * * LOW HITPOINT WARNING * * *
You feel sick. The hobgoblin barely misses you.
The rat bites you but does no damage.
You hit the rat.
You kill the rat!
The hobgoblin closely misses you.
You die...

#.# #.##.......#.##.# ####
####.###.##......<#.##.# ...#
#......#..'.......#....# ...#
#......####....#..########## ...#
#........##....#............
...###......#.####.##.##########.
............#.# #.##.# #.
##..........#.####g##.# #.
)...............@>†##.# ########.
##....############.##.# #........
###### #.##.###.#######
#.##...#.#..÷..# #.####.#.#.###.#
#.#....#.#.# #.# ####.#.####.#.#
#.# #.÷..#.####.#.# #.#
#.##.#......#.# #.#


You could see a hobgoblin.

Vanquished Creatures
  An orc wizard (D:3)
  4 gnolls (D:2)
  2 adders
  3 worms (D:2)
  4 leopard geckos
  2 orcs (D:3)
  4 bats
  2 giant cockroaches
  5 goblins
  13 hobgoblins
  9 jackals
  A quokka (D:2)
  3 frilled lizards
  3 kobolds
  10 rats
66 creatures vanquished.

Notes
Turn   | Place    | Note
-------+----------+-------------------------------------------
     0 | D:1      | Gumption the Centaur Hunter began the quest for the Orb.
     0 | D:1      | Reached XP level 1. HP: 17/17 MP: 1/1
   632 | D:1      | Reached XP level 2. HP: 24/24 MP: 2/2
  1170 | D:1      | Reached skill level 6 in Bows
  1621 | D:2      | Reached XP level 3. HP: 27/30 MP: 3/3
  1642 | D:2      | Found a hide-covered altar of Uskayaw.
  2196 | D:2      | Reached XP level 4. HP: 37/37 MP: 4/4
  2200 | D:2      | Reached skill level 7 in Bows
  2349 | D:2      | Noticed a moth of wrath
  2351 | D:2      | Found a bloodstained altar of Trog.
  3520 | D:3      | Reached XP level 5. HP: 13/45 MP: 5/5
  3786 | D:2      | HP: 2/45 [adder (5)]
  3789 | D:2      | Succumbed to an adder's poison

Levels and vault maps discovered:
D:1:      minmay_arrival_pointy, layout_basic
D:2:      layout_basic, tgw_trog, lemuel_crystal_altar
D:3:      layout_loops_ring, grunt_temple_overflow_order_and_chaos_2,
          lemuel_round_altar, serial_forest, infiniplex_forest_end_2,
          infiniplex_forest_straight_4, infiniplex_forest_straight_4,
          infiniplex_forest_lined_2, infiniplex_forest_lined_room_3,
          infiniplex_forest_pool, grunt_ministairs_10

Skill      XL: |  1  2  3  4 |
---------------+-------------+-----
Bows           | 6 7 |  7.8
Fighting       | 3 |  3.5
Dodging        | |  1.3
Stealth        | |  0.4

Action                   |  1- 3 |  4- 6 || total
-------------------------+-------+-------++-------
Melee: Short sword       |    73 |   104 ||   177
       Kick              |     6 |    19 ||    25
 Fire: Shortbow          |    52 |    22 ||    74
Throw: Dart              |       |    11 ||    11
       Stone             |       |     3 ||     3
  Use: Scroll            |       |     9 ||     9
  Eat: Chunk             |     2 |     5 ||     7
Armor: Leather armour    |    18 |    39 ||    57
Dodge: Dodged            |    33 |    62 ||    95

Table legend:
 A = Non-vault XP
 B = Vault XP
 C = Vault XP percentage of total XP
 D = Non-vault monster count
 E = Vault monster count
 F = Vault count percentage of total count
                 A         B        C        D         E       F
            +---------+---------+-------+---------+---------+-------
      Total |     214 |      31 |  12.7 |      60 |       6 |   9.1
            +---------+---------+-------+---------+---------+-------
        D:1 |      34 |       0 |   0.0 |      19 |       0 |   0.0
        D:2 |     106 |      31 |  22.6 |      29 |       6 |  17.1
        D:3 |      74 |       0 |   0.0 |      12 |       0 |   0.0
            +---------+---------+-------+---------+---------+-------
